 Dungeon Crawl Stone Soup version 0.25-b1-46-gb8a1ec05df (webtiles) character file.

Game seed: 1481220256119753129

21 Chiseanne the Shooter (level 2, -1/23 HPs)
             Began as a Gnoll Wanderer on June 10, 2020.
             Slain by a hobgoblin
             ... wielding a +0 club
              (4 damage)
             ... on level 2 of the Dungeon.
             The game lasted 00:03:22 (829 turns).

Chiseanne the Shooter (Gnoll Wanderer)               Turns: 829, Time: 00:03:23

Health: -1/23      AC:  5    Str: 14    XL:     2   Next: 87%
Magic:  3/3        EV:  8    Int: 10    God:
Gold:   31         SH:  9    Dex: 18    Spells: 1/2 levels left

rFire    . . .     SeeInvis .   e - +1 whip
rCold    . . .     Gourm    .   f - +0 kite shield
rNeg     . . .     Faith    .   h - +0 ring mail
rPois    .         Spirit   .   (no helmet)
rElec    .         Reflect  .   (no cloak)
rCorr    .         Harm     .   (no gloves)
MR       .....                  (no boots)
Stlth    +.........             (no amulet)
HPRegen  0.07/turn              (no ring)
MPRegen  0.08/turn              (no ring)

@: no status effects
A: distributed training, fangs 1, strong nose
a: no special abilities


You were on level 2 of the Dungeon.
You were not hungry.

You visited 1 branch of the dungeon, and saw 2 of its levels.

You collected 31 gold pieces.

Inventory:

Hand Weapons
 e - a +1 whip (weapon)
Armour
 f - a +0 kite shield (worn)
 h - a +0 ring mail (worn)
Jewellery
 b - an uncursed ring of stealth {unknown}
Comestibles
 g - 2 rations


   Skills:
 + Level 2.5 Fighting
 + Level 0.5 Short Blades
 + Level 0.5 Long Blades
 + Level 0.5 Axes
 + Level 0.5 Maces & Flails
 + Level 0.5 Polearms
 + Level 0.5 Staves
 + Level 0.5 Slings
 + Level 6.5 Bows
 + Level 0.5 Crossbows
 + Level 0.5 Throwing
 + Level 2.5 Armour
 + Level 0.5 Dodging
 + Level 0.5 Stealth
 + Level 2.5 Shields
 + Level 0.5 Unarmed Combat
 + Level 0.5 Spellcasting
 + Level 0.3 Conjurations
 + Level 0.3 Hexes
 + Level 0.3 Charms
 + Level 0.3 Summonings
 + Level 0.3 Necromancy
 + Level 0.3 Translocations
 + Level 0.3 Transmutations
 + Level 0.3 Fire Magic
 + Level 0.3 Ice Magic
 + Level 0.3 Air Magic
 + Level 0.3 Earth Magic
 + Level 5.3 Poison Magic
 + Level 0.6 Invocations
 + Level 2.5 Evocations


You had one spell level left.
You knew the following spells:

 Your Spells              Type           Power        Failure   Level  Hunger
a - Sting                 Tmut/Pois      #...         75%         1    ##.....

Your spell library contained the following spells:

 Spells                   Type           Power        Failure   Level  Hunger
 Spider Form              Tmut/Pois      #.........   98%         3    ####...


Dungeon Overview and Level Annotations

Branches:
Dungeon (2/15)

Altars:

Annotations:
D:2 Sigmund


Innate Abilities, Weirdness & Mutations

Your experience applies equally to all skills.
You have very sharp teeth.
Your uncanny sense of smell can sniff out nearby items.


Message History

You are too injured to fight recklessly!
You barely miss the adder. Your bite misses the adder.
The adder is almost dead.
You block the quokka's attack. The goblin hits you but does no damage.
The adder closely misses you. You block the hobgoblin's attack.
The kobold barely misses you. The rat barely misses you.
You barely miss the adder.
The adder is almost dead.
The quokka splashes around in the water.
The adder bites you. You block the goblin's attack.
The hobgoblin hits you with a +0 club.
* * * LOW HITPOINT WARNING * * *
The rat bites you but does no damage. The kobold hits you.
* * * LOW HITPOINT WARNING * * *
The quokka bites you.
* * * LOW HITPOINT WARNING * * *
You aren't carrying any potions.
You aren't carrying any scrolls.
The adder bites you but does no damage. The hobgoblin hits you with a +0 club.
You die...

.≈.≈.≈.≈.≈$≈≈≈##..
..
≈...≈...≈...≈≈#..
...
.≈.≈.≈.≈.≈.≈.≈#.
.##.
♣.≈.♣.≈.♣.≈..≈# #.
#. .≈.≈.≈.≈.≈.≈.≈#
≈...≈...≈.).≈≈#
.≈.≈.≈.r.≈.≈≈≈#
.≈.♣.KrgK≈≈≈#
.≈.≈w≈.S@≈≈≈##
≈...≈..g≈≈≈##
≈≈.≈.≈.≈≈≈## ∆
≈≈≈...≈≈≈##
#≈≈≈≈≈≈≈##
######### ∆


You could see a worm, an adder, a quokka, a hobgoblin, a goblin, 2 kobolds and a
rat.

Vanquished Creatures
  An adder (D:1)
  2 bats (D:1)
  2 goblins (D:1)
  3 hobgoblins (D:1)
  2 frilled lizards (D:1)
  3 kobolds (D:1)
13 creatures vanquished.

Notes
Turn   | Place    | Note
-------+----------+-------------------------------------------
     0 | D:1      | Chiseanne the Gnoll Wanderer began the quest for the Orb.
     0 | D:1      | Chiseanne set off with the following items: a +0 dagger, a
                  | +0 shortbow, 24 arrows, a +0 robe, a +0 kite shield, a
                  | ration; and the following spell memorised: Sting; and the
                  | following spells available to memorise: Spider Form
     0 | D:1      | Reached XP level 1. HP: 17/17 MP: 2/2
   213 | D:2      | Noticed Sigmund
   367 | D:1      | Reached XP level 2. HP: 22/23 MP: 3/3
   829 | D:2      | Slain by a hobgoblin

Illustrated notes

Levels and vault maps discovered:
D:1:      lemuel_arrival_hallway, layout_basic, minmay_misc_feat_columns
D:2:      layout_loops_ring, lemuel_crystal_altar, kennysheep_cluttered_room,
          elyvilon_altar_4, uniq_sigmund

Action                   || total
-------------------------++-------
Melee: Whip              ||    50
       Dagger            ||     5
       Bite              ||     4
  Use: Scroll            ||     4
Armor: Ring mail         ||    26
Dodge: Dodged            ||    31
Block: Kite shield       ||    35
